 Dungeon Sprint DCSS version 0.24-a0-244-ga6a6ab7 (webtiles) character file.

Game seed: 14993872562657409304

58 MikeHunt the Magician (level 3, 0/26 HPs)
             Began as a Draconian Conjurer on Apr 12, 2019.
             Slain by a water elemental (17 damage)
             ... in the Dungeon (Sprint III: "The Ten Rune Challenge").
             The game lasted 00:03:10 (565 turns).

MikeHunt the Magician (Draconian Conjurer)           Turns: 565, Time: 00:03:11

Health: 0/26       AC:  6    Str: 10    XL:     3   Next: 75%
Magic:  1/9        EV: 12    Int: 16    God:
Gold:   30         SH:  0    Dex: 11    Spells: 6/12 levels left

rFire    . . .     SeeInvis .   g - +2 quarterstaff (chaos)
rCold    . . .     Gourm    .   (shield currently unavailable)
rNeg     . . .     Faith    .   (armour unavailable)
rPois    .         Spirit   .   (helmet restricted)
rElec    .         Reflect  .   j - +0 cloak
rCorr    .         Harm     .   (no gloves)
MR       .....     NoTele   +   (no boots)
Stlth    ++........             (no amulet)
HPRegen  0.08/turn              (no ring)
MPRegen  0.11/turn              (no ring)

@: hasted, very quick
A: unfitting armour, antennae 1, stinger 1, no potion heal 1, cold-blooded, AC
+5
a: no special abilities


You were in the Dungeon.
You were not hungry.

You visited 1 branch You collected 30 gold pieces.

Inventory:

Hand Weapons
 g - a +2 quarterstaff of chaos (weapon)
Missiles
 a - 40 stones (quivered)
Armour
 j - a +0 cloak (worn)
Scrolls
 h - a scroll of blinking
 l - 3 scrolls of torment {unknown}
 m - a scroll of amnesia {unknown}
 n - 3 scrolls of remove curse
 p - a scroll of fog {unknown}
Potions
 c - a potion of curing
 f - 3 potions of magic
 k - 3 potions of mutation
 o - 3 potions of flight
Comestibles
 b - 3 rations
 i - 4 chunks of flesh {@w1}


   Skills:
 + Level 3.1 Staves
 - Level 1.7 Dodging
 - Level 1.7 Stealth
 - Level 5.4 Spellcasting
 - Level 5.3 Conjurations


You had 6 spell levels left.
You knew the following spells:

 Your Spells              Type           Power        Failure   Level  Hunger
c - Dazzling Spray        Conj/Hex       ##....       14%         3    ###....
e - Magic Dart            Conj           ###.         1%          1    None
r - Searing Ray           Conj           ###...       2%          2    #......

Your spell library contained the following spells:

 Spells                   Type           Power        Failure   Level  Hunger
 Iskenderun's Mystic Bla  Conj           ###.....     16%         4    ####...
 Force Lance              Conj/Tloc      ##......     43%         4    ####...
 Fulminant Prism          Conj/Hex       ##........   43%         4    ####...


Dungeon Overview and Level Annotations

Branches:
Dungeon (1/1)

Altars:


Innate Abilities, Weirdness & Mutations

Your plain brown scales are hard. (AC +5)
You cannot fit into any form of body armour.
You are cold-blooded and may be slowed by cold attacks.
You have a pair of small antennae on your head.
Your tail ends in a poisonous barb.
Potions are less effective at restoring your health.


Message History

You feel much better.
You hit the water elemental. You burn the water elemental.
The water elemental is heavily damaged.
You hit the water elemental.
The water elemental is severely damaged.
The water elemental closely misses you.
You barely miss the water elemental.
The water elemental is severely damaged.
The water elemental barely misses you.
You closely miss the water elemental.
The water elemental is severely damaged.
You hit the water elemental but do no damage.
The water elemental is severely damaged.
The water elemental hits you.
You barely miss the water elemental.
You tail-slap the water elemental, but do no damage.
The water elemental is severely damaged.
The water elemental hits you!
Ouch! That really hurt!
You die...

▓<.#..'...♣.♣♣ ♣.#
▓÷.#..#......♣ ♣.#
▓#'####....♣.♣ ..#
▓.....#....≈♣♣♣♣♣.##
▓.....#...≈≈.♣.♣♣.#.
▓.....#..≈≈≈≈♣.♣..'.
▓####'#..≈≈≈≈≈≈...#
▓.....#.≈≈≈≈≈≈....#
▓..@..#.≈≈≈≈≈.....#
▓.E...#.≈≈≈.......#
▓'#####...........#
▓......÷..........#
▓▓▓▓▓▓▓▓▓▓▓▓▓▓▓▓▓▓▓
{ { {


You could see a water elemental.

Vanquished Creatures
  Crazy Yiuf (D)
  A human (D)
  2 oozes (D)
  2 rats (D)
6 creatures vanquished.

Vanquished Creatures (others)
  2 draconian scorchers (D)
  6 hellions (D)
  2 yaktaurs (D)
  3 plants (D)
13 creatures vanquished.

Grand Total: 19 creatures vanquished

Notes
Turn   | Place    | Note
-------+----------+-------------------------------------------
     0 | D        | MikeHunt the Draconian Conjurer began the quest for the
                  | Orb.
     0 | D        | Reached XP level 1. HP: 14/14 MP: 3/3
    50 | D        | Reached XP level 2. HP: 20/20 MP: 0/7
    99 | D        | Learned a level 2 spell: Searing Ray
   126 | D        | Killed a hellion
   126 | D        | Killed a hellion
   127 | D        | Killed a hellion
   127 | D        | Killed a hellion
   129 | D        | Killed a hellion
   129 | D        | Killed a hellion
   157 | D        | Killed a white draconian scorcher
   158 | D        | Killed a white draconian scorcher
   259 | D        | Noticed Crazy Yiuf
   274 | D        | Killed a yaktaur
   287 | D        | Killed Crazy Yiuf
   287 | D        | Reached skill level 5 in Spellcasting
   287 | D        | Reached skill level 5 in Conjurations
   287 | D        | Reached XP level 3. HP: 26/26 MP: 0/9
   408 | D        | Learned a level 3 spell: Dazzling Spray
   430 | D        | Gained mutation: Potions are less effective at restoring
                  | your health. [potion of mutation]
   430 | D        | Gained mutation: You have a pair of small antennae on your
                  | head. [potion of mutation]
   430 | D        | Gained mutation: Your tail ends in a poisonous barb.
                  | [potion of mutation]
   495 | D        | Killed a yaktaur
   533 | D        | Noticed a water elemental
   565 | D        | Slain by a water elemental

Levels and vault maps discovered:
D:        dungeon_sprint_mu [sprint_mu_entry_forest, sprint_mu_temple_rooms,
          sprint_mu_d1_horrors, sprint_mu_d2_genie, sprint_mu_d3_branching,
          sprint_mu_orc_legion, sprint_mu_elf_gauntlet, sprint_mu_hive_nellie,
          sprint_mu_lair_fedhas, sprint_mu_vaults_butterflies,
          sprint_mu_slime_circle, sprint_mu_swamp_cave, sprint_mu_snake_twists,
          sprint_mu_blade_basic, sprint_mu_crypt_lich, sprint_mu_tomb_spiral,
          sprint_mu_vestibule_basic, sprint_mu_gehenna_hellfire,
          sprint_mu_dis_giant, sprint_mu_tartarus_statrot,
          sprint_mu_cocytus_islands, sprint_mu_zot1]

Skill      XL: |  1  2  3 |
---------------+----------+-----
Spellcasting   | 4 5 |  5.4
Conjurations   | 5 |  5.3
Staves         | 3 |  3.1
Dodging        | |  1.7
Stealth        | |  1.7

Action                   || total
-------------------------++-------
Melee: Unarmed           ||    16
       Quarterstaff      ||     6
       Tailslap          ||     1
Throw: Stone             ||     1
 Cast: Magic Dart        ||    14
       Searing Ray       ||     4
       Dazzling Spray    ||     2
  Use: Potion            ||     4
Armor: Skin              ||     2
Dodge: Dodged            ||    12

Table legend:
 A = Non-vault XP
 B = Vault XP
 C = Vault XP percentage of total XP
 D = Non-vault monster count
 E = Vault monster count
 F = Vault count percentage of total count
                 A         B        C        D         E       F
            +---------+---------+-------+---------+---------+-------
      Total |       0 |      83 | 100.0 |       0 |       6 | 100.0
            +---------+---------+-------+---------+---------+-------
          D |       0 |      83 | 100.0 |       0 |       6 | 100.0
            +---------+---------+-------+---------+---------+-------
